2934 views
Uploaded 2020-02-28 16:39:59
Game version 1.32.2
26:30 long 4on4 ladder game on (8)Sanctuary_LV
Saved by BEARAND
2934 views
Uploaded 2020-02-28 16:39:59
Game version 1.32.2
26:30 long 4on4 ladder game on (8)Sanctuary_LV


122 units @ 12.8k
/ 1.5k
145 buildings @ 12.8k
/ 6.4k



| Scroll of Regeneration | 1 | 100 |
| Potion of Healing | 1 | 150 |
| Staff of Sanctuary | 2 | 500 |
| Lesser Clarity Potion | 1 | 70 |
| Boots of Speed | 3 | 750 |
| Staff of Teleportation | 3 | 450 |
| Staff of Preservation | 1 | 150 |
| Healing Salve | 2 | 200 |
| total: | 14 | 2370g |
| Peasant | 14 | 1050 | / | 0 |
| Sorceress | 4 | 620 | / | 80 |
| Priest | 1 | 135 | / | 10 |
| total: | 19 | 1805g | / | 90w |
| Scout Tower | 25 | 750 | / | 500 |
| Arcane Tower | 6 | 420 | / | 300 |
| Guard Tower | 24 | 1680 | / | 1200 |
| Altar of Kings | 1 | 180 | / | 50 |
| Farm | 5 | 400 | / | 100 |
| Lumber Mill | 1 | 120 | / | 0 |
| Arcane Vault | 2 | 260 | / | 60 |
| Town Hall | 1 | 385 | / | 205 |
| Arcane Sanctum | 1 | 150 | / | 140 |
| Keep | 1 | 320 | / | 210 |
| Castle | 1 | 360 | / | 210 |
| total: | 36 | 2245g | / | 1055w |
| 0:01 | Peasant |
| 0:02 | Peasant |
| 0:06 | Altar of Kings |
| 0:16 | Peasant |
| 0:17 | Farm |
| 0:19 | Peasant |
| 0:41 | Peasant |
| 0:56 | Farm |
| 0:59 | Peasant |
| 1:03 | Lumber Mill |
| 1:05 | Peasant |
| 1:07 | Scout Tower |
| 1:18 | Peasant |
| 1:26 | Peasant |
| 1:32 | Scout Tower |
| 1:33 | Arcane Tower |
| 1:36 | Peasant |
| 2:04 | Blizzard |
| 2:07 | Guard Tower |
| 2:09 | Scout Tower |
| 2:11 | Scout Tower |
| 2:11 | Peasant |
| 2:11 | Peasant |
| 2:41 | Guard Tower |
| 2:43 | Scout Tower |
| 2:44 | Scout Tower |
| 3:19 | Guard Tower |
| 3:20 | Keep |
| 3:25 | Farm |
| 3:27 | Farm |
| 3:29 | Guard Tower |
| 3:35 | Arcane Vault |
| 4:04 | Scout Tower |
| 4:04 | Guard Tower |
| 4:31 | Brilliance Aura |
| 5:05 | Town Hall |
| 5:09 | Scout Tower |
| 5:24 | Scout Tower |
| 5:24 | Scout Tower |
| 5:36 | Boots of Speed |
| 5:36 | Staff of Teleportation |
| 5:52 | Arcane Tower |
| 5:55 | Scout Tower |
| 6:05 | Guard Tower |
| 6:07 | Guard Tower |
| 6:32 | Peasant |
| 6:33 | Peasant |
| 6:35 | Guard Tower |
| 6:36 | Scout Tower |
| 6:36 | Scout Tower |
| 6:37 | Scout Tower |
| 6:49 | Scroll of Regeneration |
| 7:04 | Guard Tower |
| 8:03 | Guard Tower |
| 8:03 | Guard Tower |
| 8:05 | Scout Tower |
| 8:05 | Scout Tower |
| 8:05 | Scout Tower |
| 8:07 | Storm Bolt |
| 8:16 | Improved Lumber Harvesting |
| 8:17 | Improved Masonry |
| 9:18 | Castle |
| 9:21 | Scout Tower |
| 9:22 | Scout Tower |
| 9:23 | Scout Tower |
| 9:23 | Scout Tower |
| 9:24 | Guard Tower |
| 9:57 | Potion of Healing |
| 9:58 | Staff of Preservation |
| 10:30 | Guard Tower |
| 10:34 | Arcane Sanctum |
| 10:48 | Blizzard |
| 10:56 | Guard Tower |
| 10:59 | Farm |
| 11:04 | Arcane Vault |
| 11:11 | Bash |
| 11:18 | Guard Tower |
| 11:20 | Scout Tower |
| 11:21 | Scout Tower |
| 11:22 | Scout Tower |
| 11:22 | Scout Tower |
| 12:12 | Magic Sentry |
| 12:12 | Sorceress |
| 12:13 | Sorceress |
| 12:14 | Sorceress |
| 12:15 | Sorceress Adept Training |
| 12:17 | Guard Tower |
| 12:24 | Arcane Tower |
| 12:25 | Guard Tower |
| 12:27 | Advanced Masonry |
| 12:27 | Advanced Lumber Harvesting |
| 12:48 | Staff of Sanctuary |
| 13:07 | Arcane Tower |
| 13:07 | Guard Tower |
| 13:36 | Staff of Sanctuary |
| 14:20 | Staff of Teleportation |
| 14:20 | Boots of Speed |
| 15:09 | Holy Light |
| 15:40 | Healing Salve |
| 15:47 | Lesser Clarity Potion |
| 16:29 | Sorceress Master Training |
| 16:30 | Priest Adept Training |
| 16:36 | Sorceress |
| 17:24 | Staff of Teleportation |
| 17:24 | Boots of Speed |
| 17:39 | Priest Master Training |
| 18:32 | Healing Salve |
| 19:21 | Priest |
| 20:28 | Brilliance Aura |
| 21:50 | Storm Bolt |
| 22:20 | Divine Shield |
| 26:12 | Bash |
| 26:14 | Holy Light |
| Right click | 2416 |
| Select | 737 |
| Select group | 288 |
| Chat | 153 |
| Build/train/purchase | 105 |
| Use ability | 102 |
| Assign group | 7 |
| Misc. action | 5 |
| Minimap ping | 3 |
| Item give/drop | 2 |
| Esc | 2 |
| Remove unit | 1 |

| Lesser Clarity Potion | 1 | 70 |
| Potion of Healing | 3 | 450 |
| Potion of Mana | 1 | 200 |
| Staff of Preservation | 1 | 150 |
| Moonstone | 1 | 50 |
| Scroll of Town Portal | 1 | 350 |
| total: | 8 | 1270g |
| Wisp | 25 | 1500 | / | 0 |
| Archer | 6 | 780 | / | 60 |
| Druid of the Claw | 10 | 2550 | / | 800 |
| Dryad | 2 | 290 | / | 120 |
| Chimaera | 3 | 990 | / | 210 |
| total: | 46 | 6110g | / | 1190w |
| Ancient Protector | 4 | 540 | / | 320 |
| Altar of Elders | 1 | 180 | / | 50 |
| Moon Well | 11 | 1980 | / | 440 |
| Ancient of War | 1 | 150 | / | 60 |
| Ancient of Wonders | 1 | 90 | / | 30 |
| Hunter's Hall | 2 | 420 | / | 200 |
| Tree of Life | 2 | 680 | / | 370 |
| Ancient of Lore | 4 | 620 | / | 580 |
| Chimaera Roost | 1 | 140 | / | 190 |
| Tree of Ages | 1 | 320 | / | 180 |
| Tree of Eternity | 1 | 330 | / | 200 |
| total: | 27 | 4800g | / | 2240w |
| 0:03 | Wisp |
| 0:03 | Wisp |
| 0:15 | Altar of Elders |
| 0:20 | Moon Well |
| 0:30 | Ancient of War |
| 0:32 | Wisp |
| 0:45 | Wisp |
| 0:49 | Wisp |
| 0:49 | Wisp |
| 0:59 | Wisp |
| 1:24 | Wisp |
| 1:33 | Moon Well |
| 1:34 | Archer |
| 1:48 | Archer |
| 2:00 | Archer |
| 2:17 | Force of Nature |
| 2:32 | Ancient of Wonders |
| 2:34 | Wisp |
| 2:35 | Archer |
| 2:37 | Wisp |
| 2:52 | Moon Well |
| 3:43 | Entangling Roots |
| 3:51 | Hunter's Hall |
| 4:23 | Archer |
| 4:24 | Archer |
| 4:25 | Tree of Ages |
| 4:30 | Moon Well |
| 4:57 | Ancient Protector |
| 5:03 | Lesser Clarity Potion |
| 5:53 | Moon Well |
| 6:03 | Force of Nature |
| 6:50 | Ancient of Lore |
| 6:53 | Ancient of Lore |
| 6:55 | Wisp |
| 6:56 | Wisp |
| 6:56 | Wisp |
| 6:58 | Wisp |
| 7:03 | Improved Bows |
| 7:22 | Potion of Healing |
| 7:59 | Wisp |
| 7:59 | Wisp |
| 8:22 | Ancient of Lore |
| 8:23 | Ancient of Lore |
| 8:35 | Moon Well |
| 8:36 | Moon Well |
| 9:01 | Potion of Mana |
| 9:01 | Potion of Healing |
| 9:10 | Tree of Eternity |
| 9:28 | Ultravision |
| 9:46 | Druid of the Claw Adept Training |
| 9:46 | Abolish Magic |
| 10:03 | Entangling Roots |
| 10:33 | Druid of the Claw |
| 10:33 | Druid of the Claw |
| 10:33 | Druid of the Claw |
| 10:33 | Druid of the Claw |
| 10:34 | Druid of the Claw |
| 11:06 | Ancient Protector |
| 11:22 | Druid of the Claw |
| 12:22 | Wisp |
| 12:22 | Wisp |
| 12:29 | Moon Well |
| 12:32 | Ancient Protector |
| 12:40 | Wisp |
| 12:43 | Ancient Protector |
| 12:55 | Staff of Preservation |
| 13:02 | Scroll of Town Portal |
| 13:08 | Druid of the Claw Master Training |
| 13:58 | Force of Nature |
| 14:33 | Mark of the Claw |
| 15:36 | Chimaera Roost |
| 15:39 | Dryad |
| 15:40 | Dryad |
| 15:55 | Druid of the Claw |
| 16:29 | Strength of the Wild |
| 17:00 | Wisp |
| 17:16 | Corrosive Breath |
| 17:35 | Tree of Life |
| 18:04 | Improved Strength of the Wild |
| 19:03 | Chimaera |
| 20:00 | Tranquility |
| 21:28 | Druid of the Claw |
| 21:29 | Druid of the Claw |
| 21:29 | Druid of the Claw |
| 21:53 | Entangling Roots |
| 22:17 | Potion of Healing |
| 22:18 | Moonstone |
| 23:26 | Wisp |
| 23:27 | Wisp |
| 23:27 | Wisp |
| 23:27 | Wisp |
| 23:28 | Wisp |
| 23:55 | Chimaera |
| 23:55 | Chimaera |
| 25:48 | Tree of Life |
| 25:51 | Hunter's Hall |
| 25:54 | Moon Well |
| 25:54 | Moon Well |
| 25:55 | Moon Well |
| 26:12 | Thorns Aura |
| Right click | 751 |
| Select | 429 |
| Select group | 147 |
| Build/train/purchase | 111 |
| Use ability | 62 |
| Chat | 39 |
| Assign group | 36 |
| Misc. action | 29 |
| Minimap ping | 10 |
| Item give/drop | 7 |



| Staff of Sanctuary | 2 | 500 |
| Staff of Teleportation | 3 | 450 |
| Boots of Speed | 2 | 500 |
| Periapt of Vitality | 1 | 325 |
| Healing Salve | 6 | 600 |
| Orb of Lightning | 3 | 1125 |
| total: | 17 | 3500g |
| Peasant | 35 | 2625 | / | 0 |
| total: | 35 | 2625g | / | 0w |
| Scout Tower | 54 | 1620 | / | 1080 |
| Arcane Tower | 2 | 140 | / | 100 |
| Guard Tower | 37 | 2590 | / | 1850 |
| Altar of Kings | 1 | 180 | / | 50 |
| Farm | 3 | 240 | / | 60 |
| Lumber Mill | 1 | 120 | / | 0 |
| Town Hall | 1 | 385 | / | 205 |
| Arcane Vault | 3 | 390 | / | 90 |
| Arcane Sanctum | 1 | 150 | / | 140 |
| Keep | 1 | 320 | / | 210 |
| Castle | 1 | 360 | / | 210 |
| total: | 64 | 3085g | / | 1625w |
| 0:01 | Peasant |
| 0:03 | Altar of Kings |
| 0:10 | Peasant |
| 0:19 | Farm |
| 0:21 | Peasant |
| 0:40 | Peasant |
| 0:47 | Lumber Mill |
| 0:49 | Peasant |
| 1:02 | Scout Tower |
| 1:08 | Peasant |
| 1:19 | Scout Tower |
| 1:21 | Peasant |
| 1:28 | Arcane Tower |
| 1:39 | Scout Tower |
| 1:48 | Farm |
| 1:50 | Peasant |
| 1:54 | Scout Tower |
| 1:57 | Peasant |
| 2:01 | Guard Tower |
| 2:08 | Peasant |
| 2:20 | Guard Tower |
| 2:26 | Blizzard |
| 2:28 | Scout Tower |
| 2:32 | Peasant |
| 2:34 | Guard Tower |
| 3:09 | Guard Tower |
| 3:27 | Scout Tower |
| 3:30 | Scout Tower |
| 3:32 | Scout Tower |
| 3:33 | Scout Tower |
| 3:44 | Scout Tower |
| 3:49 | Healing Salve |
| 3:58 | Peasant |
| 4:05 | Guard Tower |
| 4:06 | Peasant |
| 4:08 | Improved Masonry |
| 4:10 | Guard Tower |
| 4:12 | Scout Tower |
| 4:54 | Scout Tower |
| 4:55 | Scout Tower |
| 4:56 | Scout Tower |
| 5:04 | Brilliance Aura |
| 5:07 | Guard Tower |
| 5:19 | Peasant |
| 5:19 | Peasant |
| 5:34 | Guard Tower |
| 5:39 | Scout Tower |
| 5:39 | Scout Tower |
| 5:40 | Scout Tower |
| 5:40 | Scout Tower |
| 5:41 | Scout Tower |
| 6:12 | Guard Tower |
| 6:28 | Peasant |
| 6:50 | Peasant |
| 6:51 | Peasant |
| 7:01 | Guard Tower |
| 7:03 | Scout Tower |
| 7:04 | Scout Tower |
| 7:05 | Scout Tower |
| 7:05 | Scout Tower |
| 7:18 | Peasant |
| 7:35 | Scout Tower |
| 7:50 | Scout Tower |
| 8:10 | Scout Tower |
| 8:10 | Scout Tower |
| 8:11 | Scout Tower |
| 8:12 | Scout Tower |
| 8:14 | Blizzard |
| 8:17 | Guard Tower |
| 8:25 | Town Hall |
| 8:30 | Healing Salve |
| 8:36 | Peasant |
| 8:36 | Peasant |
| 8:48 | Guard Tower |
| 8:51 | Guard Tower |
| 8:53 | Peasant |
| 8:59 | Staff of Teleportation |
| 9:19 | Guard Tower |
| 9:25 | Peasant |
| 9:26 | Peasant |
| 9:42 | Guard Tower |
| 10:04 | Keep |
| 10:32 | Scout Tower |
| 10:33 | Scout Tower |
| 10:35 | Scout Tower |
| 10:36 | Scout Tower |
| 10:51 | Peasant |
| 10:51 | Peasant |
| 11:10 | Guard Tower |
| 11:14 | Peasant |
| 11:35 | Guard Tower |
| 11:38 | Scout Tower |
| 11:38 | Scout Tower |
| 11:39 | Scout Tower |
| 11:39 | Scout Tower |
| 11:40 | Scout Tower |
| 11:41 | Scout Tower |
| 11:42 | Scout Tower |
| 11:42 | Scout Tower |
| 12:13 | Guard Tower |
| 12:15 | Peasant |
| 12:15 | Peasant |
| 12:18 | Healing Salve |
| 12:20 | Orb of Lightning |
| 12:26 | Peasant |
| 12:26 | Peasant |
| 12:47 | Guard Tower |
| 12:51 | Peasant |
| 12:52 | Peasant |
| 12:53 | Advanced Masonry |
| 12:53 | Improved Lumber Harvesting |
| 12:58 | Guard Tower |
| 13:37 | Guard Tower |
| 13:40 | Storm Bolt |
| 14:21 | Brilliance Aura |
| 14:33 | Castle |
| 14:33 | Farm |
| 14:37 | Healing Salve |
| 14:39 | Orb of Lightning |
| 15:17 | Peasant |
| 15:18 | Scout Tower |
| 15:20 | Scout Tower |
| 15:21 | Scout Tower |
| 15:22 | Scout Tower |
| 15:24 | Healing Salve |
| 16:03 | Guard Tower |
| 16:04 | Peasant |
| 16:08 | Scout Tower |
| 16:22 | Bash |
| 16:30 | Guard Tower |
| 16:51 | Scout Tower |
| 16:52 | Scout Tower |
| 16:52 | Scout Tower |
| 16:53 | Scout Tower |
| 16:57 | Imbued Masonry |
| 16:57 | Advanced Lumber Harvesting |
| 16:59 | Arcane Sanctum |
| 17:02 | Guard Tower |
| 17:07 | Arcane Vault |
| 17:09 | Arcane Vault |
| 17:10 | Arcane Vault |
| 17:21 | Scout Tower |
| 17:22 | Scout Tower |
| 17:22 | Scout Tower |
| 17:22 | Scout Tower |
| 17:23 | Guard Tower |
| 17:28 | Guard Tower |
| 17:51 | Guard Tower |
| 17:51 | Guard Tower |
| 17:53 | Guard Tower |
| 17:55 | Guard Tower |
| 18:26 | Boots of Speed |
| 18:33 | Holy Light |
| 19:14 | Staff of Teleportation |
| 19:14 | Periapt of Vitality |
| 19:15 | Boots of Speed |
| 19:54 | Orb of Lightning |
| 19:59 | Staff of Sanctuary |
| 20:17 | Staff of Sanctuary |
| 20:27 | Healing Salve |
| 21:45 | Storm Bolt |
| 22:10 | Divine Shield |
| 22:47 | Blizzard |
| 22:59 | Magic Sentry |
| 24:26 | Holy Light |
| 24:37 | Staff of Teleportation |
| 25:34 | Bash |
| Right click | 1918 |
| Select | 1027 |
| Select group | 400 |
| Build/train/purchase | 137 |
| Chat | 99 |
| Use ability | 96 |
| Assign group | 92 |
| Misc. action | 8 |
| Item give/drop | 5 |
| Minimap ping | 3 |
⇛
iggythefisk
(26:30) : 

| Healing Salve | 5 | 500 |
| Lesser Clarity Potion | 5 | 350 |
| Potion of Healing | 1 | 150 |
| Scroll of Speed | 5 | 250 |
| Boots of Speed | 2 | 500 |
| Staff of Teleportation | 2 | 300 |
| Circlet of Nobility | 1 | 175 |
| Potion of Invisibility | 1 | 100 |
| total: | 22 | 2325g |
| Peon | 16 | 1200 | / | 0 |
| Raider | 6 | 1080 | / | 240 |
| total: | 22 | 2280g | / | 240w |
| Watch Tower | 8 | 880 | / | 640 |
| Altar of Storms | 1 | 180 | / | 50 |
| Orc Burrow | 3 | 480 | / | 120 |
| War Mill | 1 | 205 | / | 0 |
| Voodoo Lounge | 1 | 130 | / | 30 |
| Great Hall | 1 | 385 | / | 185 |
| Beastiary | 3 | 435 | / | 420 |
| Stronghold | 2 | 630 | / | 380 |
| Fortress | 1 | 325 | / | 190 |
| total: | 18 | 2695g | / | 1445w |
| 0:01 | Peon |
| 0:04 | Altar of Storms |
| 0:05 | Peon |
| 0:18 | Orc Burrow |
| 0:19 | Peon |
| 0:39 | Peon |
| 0:43 | War Mill |
| 0:46 | Peon |
| 0:58 | Peon |
| 1:14 | Peon |
| 1:22 | Peon |
| 1:39 | Peon |
| 1:50 | Voodoo Lounge |
| 1:56 | Watch Tower |
| 1:57 | Peon |
| 2:00 | Peon |
| 2:06 | Wind Walk |
| 2:12 | Peon |
| 2:28 | Watch Tower |
| 2:55 | Stronghold |
| 3:49 | Watch Tower |
| 4:08 | Boots of Speed |
| 4:09 | Staff of Teleportation |
| 4:10 | Circlet of Nobility |
| 4:17 | Watch Tower |
| 4:19 | Orc Burrow |
| 4:23 | Healing Salve |
| 4:24 | Lesser Clarity Potion |
| 5:11 | Critical Strike |
| 5:24 | Great Hall |
| 6:04 | Watch Tower |
| 6:04 | Watch Tower |
| 6:14 | Lesser Clarity Potion |
| 7:06 | Hex |
| 7:25 | Potion of Healing |
| 7:26 | Lesser Clarity Potion |
| 7:36 | Wind Walk |
| 8:01 | Fortress |
| 8:15 | Watch Tower |
| 8:15 | Watch Tower |
| 8:24 | Healing Salve |
| 8:24 | Lesser Clarity Potion |
| 8:31 | Lesser Clarity Potion |
| 8:50 | Boots of Speed |
| 8:50 | Staff of Teleportation |
| 8:51 | Potion of Invisibility |
| 9:13 | Beastiary |
| 9:15 | Beastiary |
| 9:17 | Steel Melee Weapons |
| 9:27 | Beastiary |
| 9:32 | Peon |
| 9:32 | Peon |
| 9:32 | Peon |
| 9:36 | Healing Salve |
| 9:49 | Peon |
| 10:21 | Orc Burrow |
| 10:23 | Raider |
| 10:24 | Ensnare |
| 10:32 | Raider |
| 10:37 | Pillage |
| 10:45 | Healing Wave |
| 10:51 | Raider |
| 11:20 | Raider |
| 11:20 | Raider |
| 11:35 | Thorium Melee Weapons |
| 12:07 | Scroll of Speed |
| 12:09 | Raider |
| 13:03 | Arcanite Melee Weapons |
| 13:05 | Steel Armor |
| 13:08 | Scroll of Speed |
| 13:08 | Scroll of Speed |
| 16:32 | Critical Strike |
| 17:11 | Healing Salve |
| 17:49 | Thorium Armor |
| 18:39 | Healing Wave |
| 18:52 | Healing Salve |
| 19:02 | Scroll of Speed |
| 20:41 | Scroll of Speed |
| 22:40 | Arcanite Armor |
| 25:10 | Wind Walk |
| Right click | 1537 |
| Select group | 579 |
| Assign group | 399 |
| Select | 307 |
| Chat | 123 |
| Build/train/purchase | 117 |
| Use ability | 79 |
| Resource trade | 15 |
| Misc. action | 4 |
| Item give/drop | 2 |
| Remove unit | 2 |
| Minimap ping | 2 |
190 units @ 28.1k
/ 2.8k
77 buildings @ 12.8k
/ 4.5k


| Peon | 14 | 1050 | / | 0 |
| Grunt | 9 | 1800 | / | 0 |
| Troll Headhunter | 8 | 1120 | / | 160 |
| total: | 31 | 3970g | / | 160w |
| Altar of Storms | 2 | 360 | / | 100 |
| Orc Burrow | 8 | 1280 | / | 320 |
| Barracks | 4 | 720 | / | 200 |
| War Mill | 1 | 205 | / | 0 |
| Voodoo Lounge | 1 | 130 | / | 30 |
| Stronghold | 1 | 315 | / | 190 |
| total: | 16 | 2695g | / | 650w |
| 0:03 | Peon |
| 0:03 | Peon |
| 0:10 | Altar of Storms |
| 0:12 | Orc Burrow |
| 0:14 | Altar of Storms |
| 0:28 | Peon |
| 0:48 | Peon |
| 0:53 | Barracks |
| 1:04 | Peon |
| 1:17 | Orc Burrow |
| 1:23 | Peon |
| 1:37 | Barracks |
| 1:45 | War Mill |
| 2:01 | Voodoo Lounge |
| 2:11 | Peon |
| 2:16 | Grunt |
| 2:17 | Grunt |
| 2:18 | Feral Spirit |
| 2:35 | Peon |
| 2:41 | Orc Burrow |
| 3:05 | War Stomp |
| 3:12 | Grunt |
| 3:14 | Grunt |
| 3:18 | Orc Burrow |
| 3:20 | Troll Headhunter |
| 3:27 | Peon |
| 3:40 | Grunt |
| 3:50 | Peon |
| 4:19 | Troll Headhunter |
| 4:26 | Barracks |
| 4:31 | Orc Burrow |
| 4:35 | Orc Burrow |
| 4:37 | Peon |
| 4:44 | Grunt |
| 4:48 | Barracks |
| 4:50 | Peon |
| 5:04 | Orc Burrow |
| 5:18 | Stronghold |
| 5:31 | Troll Headhunter |
| 5:33 | Grunt |
| 5:38 | Chain Lighting |
| 5:51 | Troll Headhunter |
| 5:55 | Troll Headhunter |
| 5:59 | Grunt |
| 6:20 | Troll Headhunter |
| 6:46 | Troll Headhunter |
| 6:48 | Steel Ranged Weapons |
| 6:50 | Grunt |
| 6:53 | Orc Burrow |
| 6:54 | Peon |
| 6:55 | Peon |
| 6:59 | Endurance Aura |
| 7:23 | Troll Headhunter |
| Right click | 249 |
| Select | 203 |
| Build/train/purchase | 50 |
| Select group | 9 |
| Resource trade | 5 |
| Use ability | 4 |
| Assign group | 3 |
| Misc. action | 1 |
| Minimap ping | 1 |


| Scroll of Regeneration | 1 | 100 |
| Potion of Mana | 1 | 200 |
| total: | 2 | 300g |
| Peasant | 30 | 2250 | / | 0 |
| Footman | 1 | 135 | / | 0 |
| Rifleman | 23 | 4715 | / | 690 |
| Mortar Team | 6 | 1080 | / | 420 |
| Peon | 4 | 300 | / | 0 |
| Troll Berserker | 5 | 700 | / | 100 |
| Grunt | 2 | 400 | / | 0 |
| Wind Rider | 5 | 1325 | / | 200 |
| total: | 76 | 10905g | / | 1410w |
| Scout Tower | 3 | 90 | / | 60 |
| Arcane Tower | 2 | 140 | / | 100 |
| Guard Tower | 1 | 70 | / | 50 |
| Farm | 11 | 880 | / | 220 |
| Altar of Kings | 5 | 900 | / | 250 |
| Barracks | 2 | 320 | / | 120 |
| Blacksmith | 1 | 140 | / | 60 |
| Arcane Vault | 2 | 260 | / | 60 |
| Town Hall | 2 | 770 | / | 410 |
| Lumber Mill | 1 | 120 | / | 0 |
| Workshop | 1 | 140 | / | 140 |
| Keep | 2 | 640 | / | 420 |
| Orc Burrow | 2 | 320 | / | 80 |
| Tauren Totem | 1 | 135 | / | 155 |
| total: | 31 | 4075g | / | 1555w |
| 0:02 | Peasant |
| 0:02 | Peasant |
| 0:02 | Peasant |
| 0:05 | Farm |
| 0:21 | Altar of Kings |
| 0:36 | Barracks |
| 0:38 | Peasant |
| 0:42 | Farm |
| 0:51 | Peasant |
| 1:03 | Peasant |
| 1:12 | Orc Burrow |
| 1:32 | Peasant |
| 1:46 | Blacksmith |
| 1:51 | Peasant |
| 1:56 | Footman |
| 2:15 | Farm |
| 2:27 | Holy Light |
| 2:34 | Rifleman |
| 2:35 | Rifleman |
| 3:02 | Peasant |
| 3:02 | Peasant |
| 3:43 | Peasant |
| 4:05 | Peasant |
| 4:25 | Scout Tower |
| 4:31 | Rifleman |
| 4:46 | Rifleman |
| 4:52 | Farm |
| 4:56 | Arcane Tower |
| 5:22 | Devotion Aura |
| 5:31 | Rifleman |
| 5:34 | Peasant |
| 5:34 | Peasant |
| 6:20 | Farm |
| 6:47 | Keep |
| 6:50 | Arcane Vault |
| 6:59 | Farm |
| 7:20 | Rifleman |
| 7:50 | Rifleman |
| 8:42 | Town Hall |
| 9:14 | Scroll of Regeneration |
| 9:20 | Peasant |
| 9:20 | Peasant |
| 9:24 | Workshop |
| 9:30 | Peasant |
| 9:33 | Lumber Mill |
| 9:41 | Long Rifles |
| 9:43 | Peasant |
| 9:52 | Peasant |
| 9:56 | Rifleman |
| 10:08 | Farm |
| 10:27 | Peasant |
| 10:30 | Scout Tower |
| 10:34 | Mortar Team |
| 10:34 | Mortar Team |
| 10:36 | Flare |
| 10:38 | Peasant |
| 10:48 | Orc Burrow |
| 10:53 | Farm |
| 11:00 | Improved Lumber Harvesting |
| 11:02 | Arcane Tower |
| 11:14 | Black Gunpowder |
| 11:19 | Peasant |
| 11:24 | Rifleman |
| 11:46 | Peon |
| 11:46 | Peon |
| 11:46 | Peon |
| 11:46 | Peon |
| 11:52 | Farm |
| 11:56 | Scout Tower |
| 11:59 | Rifleman |
| 12:01 | Mortar Team |
| 12:24 | Guard Tower |
| 13:37 | Holy Light |
| 14:43 | Town Hall |
| 14:54 | Barracks |
| 15:13 | Mortar Team |
| 15:13 | Mortar Team |
| 15:19 | Altar of Kings |
| 15:50 | Rifleman |
| 15:50 | Rifleman |
| 15:50 | Rifleman |
| 16:31 | Keep |
| 16:41 | Rifleman |
| 17:04 | Troll Berserker |
| 17:04 | Troll Berserker |
| 17:06 | Troll Berserker |
| 17:32 | Rifleman |
| 17:36 | Farm |
| 18:05 | Rifleman |
| 18:22 | Farm |
| 18:27 | Rifleman |
| 19:25 | Arcane Vault |
| 19:27 | Rifleman |
| 19:27 | Rifleman |
| 19:36 | Potion of Mana |
| 20:20 | Storm Bolt |
| 20:32 | Mortar Team |
| 21:06 | Rifleman |
| 21:06 | Rifleman |
| 21:57 | Rifleman |
| 21:58 | Rifleman |
| 22:42 | War Stomp |
| 22:47 | Troll Berserker |
| 22:47 | Troll Berserker |
| 22:58 | Altar of Kings |
| 23:02 | Altar of Kings |
| 23:14 | Altar of Kings |
| 23:39 | Peasant |
| 23:39 | Peasant |
| 23:39 | Peasant |
| 23:56 | Peasant |
| 24:02 | Grunt |
| 24:02 | Grunt |
| 24:05 | Tauren Totem |
| 24:18 | Peasant |
| 24:34 | Wind Rider |
| 24:34 | Wind Rider |
| 24:34 | Wind Rider |
| 24:56 | Peasant |
| 25:00 | Peasant |
| 25:00 | Peasant |
| 25:36 | Wind Rider |
| 25:36 | Wind Rider |
| Right click | 1043 |
| Select | 849 |
| Build/train/purchase | 98 |
| Use ability | 28 |
| Chat | 9 |
| Remove unit | 4 |


| Healing Salve | 2 | 200 |
| Scroll of Speed | 1 | 50 |
| total: | 3 | 250g |
| Peon | 27 | 2025 | / | 0 |
| Grunt | 25 | 5000 | / | 0 |
| Demolisher | 4 | 880 | / | 200 |
| Troll Headhunter | 8 | 1120 | / | 160 |
| Tauren | 5 | 1400 | / | 400 |
| Wind Rider | 6 | 1590 | / | 240 |
| Troll Batrider | 5 | 800 | / | 200 |
| Troll Berserker | 1 | 140 | / | 20 |
| Shaman | 2 | 260 | / | 40 |
| total: | 83 | 13215g | / | 1260w |
| Altar of Storms | 2 | 360 | / | 100 |
| Orc Burrow | 12 | 1920 | / | 480 |
| Barracks | 2 | 360 | / | 100 |
| Voodoo Lounge | 2 | 260 | / | 60 |
| War Mill | 3 | 615 | / | 0 |
| Great Hall | 5 | 1925 | / | 925 |
| Tauren Totem | 1 | 135 | / | 155 |
| Beastiary | 2 | 290 | / | 280 |
| Spirit Lodge | 1 | 150 | / | 150 |
| Stronghold | 3 | 945 | / | 570 |
| Fortress | 3 | 975 | / | 570 |
| total: | 30 | 6015g | / | 2250w |
| 0:05 | Altar of Storms |
| 0:06 | Peon |
| 0:06 | Peon |
| 0:09 | Peon |
| 0:24 | Orc Burrow |
| 0:42 | Barracks |
| 0:43 | Peon |
| 0:43 | Peon |
| 1:01 | Altar of Storms |
| 1:02 | Peon |
| 1:02 | Peon |
| 1:03 | Peon |
| 1:09 | Peon |
| 1:09 | Peon |
| 1:44 | Grunt |
| 1:47 | Orc Burrow |
| 1:54 | Peon |
| 2:16 | Chain Lighting |
| 2:40 | Grunt |
| 2:40 | Grunt |
| 2:45 | Orc Burrow |
| 3:15 | Peon |
| 3:23 | Grunt |
| 3:30 | Peon |
| 3:46 | Orc Burrow |
| 3:57 | Grunt |
| 4:17 | Stronghold |
| 4:45 | Voodoo Lounge |
| 4:50 | Grunt |
| 4:53 | Feral Spirit |
| 5:30 | War Mill |
| 7:02 | Fortress |
| 7:08 | Grunt |
| 7:08 | Grunt |
| 7:12 | Barracks |
| 7:13 | Demolisher |
| 7:29 | Grunt |
| 8:17 | Berserker Strength |
| 8:19 | Steel Armor |
| 8:19 | Steel Melee Weapons |
| 8:24 | Grunt |
| 8:31 | Grunt |
| 8:38 | Peon |
| 8:51 | Healing Salve |
| 9:20 | Tauren Totem |
| 9:22 | Grunt |
| 9:24 | Stronghold |
| 9:30 | Healing Salve |
| 9:38 | Grunt |
| 9:40 | Burning Oil |
| 9:50 | Thorium Armor |
| 9:54 | Grunt |
| 10:00 | Fortress |
| 10:06 | Beastiary |
| 10:07 | Thorium Melee Weapons |
| 10:07 | Arcanite Armor |
| 10:10 | Troll Headhunter |
| 10:17 | War Mill |
| 10:26 | Orc Burrow |
| 10:36 | Tauren |
| 10:55 | Great Hall |
| 11:05 | Orc Burrow |
| 11:11 | Chain Lighting |
| 11:22 | Beastiary |
| 11:24 | Demolisher |
| 11:45 | Peon |
| 11:46 | Peon |
| 11:46 | Peon |
| 11:46 | Peon |
| 11:46 | Peon |
| 11:59 | Tauren |
| 12:00 | Pulverize |
| 12:14 | Grunt |
| 12:15 | Troll Headhunter |
| 12:20 | Steel Ranged Weapons |
| 12:23 | Berserker Upgrade |
| 12:29 | Grunt |
| 12:29 | Troll Headhunter |
| 12:31 | Wind Rider |
| 12:32 | Envenomed Spears |
| 12:37 | Spirit Lodge |
| 12:40 | Peon |
| 12:40 | Peon |
| 12:40 | Peon |
| 12:40 | Peon |
| 13:14 | Tauren |
| 13:47 | Chain Lighting |
| 14:20 | Tauren |
| 14:20 | Tauren |
| 14:27 | Orc Burrow |
| 14:57 | Troll Batrider |
| 14:57 | Troll Batrider |
| 14:59 | Troll Berserker |
| 15:01 | Grunt |
| 15:01 | Grunt |
| 15:01 | Troll Headhunter |
| 15:02 | Troll Headhunter |
| 15:34 | Great Hall |
| 15:41 | Spiked Barricades |
| 15:55 | Feral Spirit |
| 16:13 | Orc Burrow |
| 16:34 | Peon |
| 16:34 | Peon |
| 16:35 | Peon |
| 16:37 | War Mill |
| 16:50 | Shaman Adept Training |
| 16:56 | Troll Batrider |
| 17:00 | Orc Burrow |
| 17:04 | Grunt |
| 17:28 | Voodoo Lounge |
| 17:33 | Orc Burrow |
| 17:39 | Shaman |
| 17:40 | Shaman |
| 17:43 | Demolisher |
| 17:45 | Demolisher |
| 17:50 | Orc Burrow |
| 18:21 | Stronghold |
| 19:02 | Fortress |
| 19:22 | Scroll of Speed |
| 19:33 | Great Hall |
| 19:58 | Feral Spirit |
| 20:10 | Thorium Ranged Weapons |
| 20:28 | Grunt |
| 20:28 | Grunt |
| 20:29 | Grunt |
| 20:29 | Troll Headhunter |
| 20:37 | Orc Burrow |
| 21:16 | Liquid Fire |
| 21:20 | Chain Lighting |
| 21:43 | Wind Rider |
| 21:43 | Wind Rider |
| 21:47 | Grunt |
| 21:47 | Troll Headhunter |
| 21:48 | Troll Headhunter |
| 21:55 | Feral Spirit |
| 22:04 | Peon |
| 22:18 | Great Hall |
| 22:57 | Grunt |
| 23:13 | Wind Rider |
| 23:13 | Wind Rider |
| 23:13 | Wind Rider |
| 23:17 | Troll Batrider |
| 23:17 | Troll Batrider |
| 23:24 | Earth Quake |
| 23:44 | Endurance Aura |
| 24:08 | Great Hall |
| 24:35 | Grunt |
| Right click | 860 |
| Select | 762 |
| Chat | 187 |
| Build/train/purchase | 135 |
| Use ability | 32 |
| Remove unit | 10 |
| Misc. action | 4 |
| Minimap ping | 2 |
| Item give/drop | 1 |